 Dungeon Crawl Stone Soup version 0.30.0-30-g96aa6591b8 (webtiles) character file.

Game seed: 252460091432816655

44 Bnni the Cudgeller (level 3, 0/29 HPs)
             Began as a Barachi Warper on June 30, 2023.
             Constricted to death by a ball python skeleton (1 damage)
             ... on level 2 of the Dungeon.
             The game lasted 00:01:34 (964 turns).

Bnni the Cudgeller (Barachi Warper)                  Turns: 964, Time: 00:01:35

Health: 0/29       AC:  3    Str: 14    XL:     3   Next: 62%
Magic:  6/6        EV:  8    Int: 13    God:
Gold:   44         SH:  0    Dex: 11    Spells: 6/6 levels left

rFire   . . .        j - +0 whip
rCold   . . .        (no shield)
rNeg    . . .        b - +0 leather armour
rPois   .            (no helmet)
rElec   .            (no cloak)
rCorr   .            (no gloves)
SInv    .            (no boots)
Will    .....        (no amulet)
Stlth   +            f - ring of flight
HPRegen 0.24/turn    (no ring)
MPRegen 0.10/turn

%: no passive effects
@: flying, constricted, slow
A: amphibious, slowness 1, strong legs 1, +LOS
a: Hop


You were on level 2 of the Dungeon.
You visited 1 branch of the dungeon, and saw 2 of its levels.

You collected 44 gold pieces.

Inventory:

Hand Weapons
 j - a +0 whip (weapon)
Missiles
 d - 7 boomerangs of dispersal (quivered)
 l - 6 poisoned darts
Armour
 b - a +0 leather armour (worn)
Jewellery
 f - a ring of flight (left hand)
Scrolls
 c - a scroll of blinking
 i - a scroll of enchant weapon {unknown}
 k - a scroll of amnesia {unknown}
 m - a scroll of identify {unknown}
Potions
 a - a potion of degeneration {unknown}
 e - a potion of heal wounds {unknown}
 g - a potion of might {unknown}
 h - a potion of curing {unknown}


   Skills:
 + Level 3.3 Fighting
 * Level 3.7 Maces & Flails
 - Level 1.0 Throwing
 - Level 1.2 Armour
 - Level 2.1 Dodging
 - Level 2.1 Spellcasting
 - Level 3.2 Translocations


You had 6 spell levels left.
You didn't know any spells.
Your spell library contained the following spells:

 Spells                   Type           Power      Damage    Failure   Level
 Blink                    Tloc           18%        N/A       12%         2
 Lesser Beckoning         Tloc           18%        N/A       12%         2
 Teleport Other           Tloc           9%         N/A       24%         3
 Summon Small Mammal      Summ           4%         N/A       30%         1
 Vhi's Electric Charge    Tloc/Air       10%        N/A       43%         3
 Manifold Assault         Tloc           9%         N/A       61%         4
 Call Canine Familiar     Summ           1%         N/A       67%         3
 Summon Guardian Golem    Hex/Summ       1%         N/A       67%         3


Dungeon Overview and Level Annotations

Branches:
Dungeon (2/15)

Altars:


Innate Abilities, Weirdness & Mutations

You are amphibious.
You cover ground slowly.
You can hop short distances.
You have an extended range of vision and can be seen from far away.


Message History

You hit the hobgoblin but do no damage.
The hobgoblin is severely wounded.
The hobgoblin misses you.
You barely miss the hobgoblin.
The hobgoblin is severely wounded.
The hobgoblin hits you but does no damage.
You closely miss the hobgoblin.
The hobgoblin is severely wounded.
The hobgoblin hits you but does no damage.
You closely miss the hobgoblin.
The hobgoblin is heavily wounded.
The hobgoblin barely misses you.
You barely miss the hobgoblin.
The hobgoblin is heavily wounded.
The hobgoblin hits you.
* * * LOW HITPOINT WARNING * * *
You completely miss the hobgoblin.
The hobgoblin is heavily wounded.
You closely miss the hobgoblin.
The hobgoblin is heavily wounded.
The hobgoblin hits you.
* * * LOW HITPOINT WARNING * * *
You closely miss the hobgoblin.
The hobgoblin is heavily wounded.
The hobgoblin hits you.
* * * LOW HITPOINT WARNING * * *
You hit the hobgoblin.
You kill the hobgoblin!
You hit the ball python skeleton.
The ball python skeleton is lightly damaged.
The ball python skeleton bites you.
* * * LOW HITPOINT WARNING * * *
The ball python skeleton barely misses you.
You hit the ball python skeleton.
The ball python skeleton is severely damaged.
The ball python skeleton bites you.
* * * LOW HITPOINT WARNING * * *
The ball python skeleton grabs you.
The ball python skeleton constricts you.
You die...

........ #...# #.##.
....... #...# #.... .....
#...# #.##. ... #...# #.##.
###)####...# ####.
####......#...############
P.........ZZ...............
P....g..##Z#...############
....#.#. #@##### P.. #.#.
#.....<.# #. . .. ..#######
. ####.# #. #.# # #.# #.#
... ###


You could see an adder zombie, a ball python skeleton and an adder skeleton.

Vanquished Creatures
  An adder (D:2)
  2 dart slugs (D:1)
  2 ball pythons (D:1)
  5 bats
  3 endoplasms
  A giant cockroach (D:1)
  7 goblins
  3 hobgoblins
  3 frilled lizards (D:1)
  A kobold (D:1)
  A rat (D:1)
29 creatures vanquished.

Notes
Turn   | Place    | Note
-------+----------+-------------------------------------------
     0 | D:1      | Bnni the Barachi Warper began the quest for the Orb.
     0 | D:1      | Reached XP level 1. HP: 17/17 MP: 3/3
   163 | D:1      | Reached XP level 2. HP: 23/23 MP: 5/5
   491 | D:1      | Reached XP level 3. HP: 28/29 MP: 6/6
   964 | D:2      | HP: 1/29 [ball python skeleton (2)]
   964 | D:2      | Constricted to death by a ball python skeleton

Illustrated notes

Levels and vault maps discovered:
D:1:      eino_arrival_tree_alley, layout_rooms, kennysheep_boxes
D:2:      layout_basic, serial_shops, shop, serial_undead, serial_undead_c,
          serial_undead_a, serial_undead_b, serial_undead_a, serial_undead_c,
          serial_undead_a, serial_undead_b, minmay_tetromino_s4

Skill      XL: |  1  2 |
---------------+-------+-----
Maces & Flails | 3 |  3.7
Fighting       | 3 |  3.3
Throwing       | |  1.0
Armour         | |  1.2
Dodging        | |  2.1
Spellcasting   | |  2.1
Translocations | |  3.2

Action                     || total
---------------------------++-------
  Melee: Mace              ||    62
         Whip              ||    67
 Armour: Leather armour    ||    45
  Dodge: Dodged            ||    74
